 Dungeon Crawl Stone Soup version 0.26.1-11-gd32895ea62 (webtiles) character file.

Game seed: 11241101478532417288

53 Zeld the Insei (level 3, 0/23 HPs)
             Began as an Octopode Transmuter on May 27, 2021.
             Slain by a water moccasin (9 damage)
             ... in a sewer.
             The game lasted 00:01:59 (1280 turns).

Zeld the Insei (Octopode Transmuter)                Turns: 1280, Time: 00:01:59

Health: 0/23       AC:  2    Str: 10    XL:     3   Next: 87%
Magic:  5/7        EV: 20    Int: 15    God:
Gold:   7          SH:  0    Dex: 17    Spells: 1/7 levels left

rFire    . . .     SeeInvis .     - Unarmed
rCold    . . .     Faith    .   (shield currently unavailable)
rNeg     . . .     Spirit   .   (helmet currently unavailable)
rPois    x         Reflect  .   (no amulet)
rElec    .         Harm     .   (no ring)
rCorr    .         Rampage  .   (no ring)
Will     .....                  (no ring)
Stlth    +++.......             (no ring)
HPRegen  0.07/turn              (no ring)
MPRegen  0.10/turn              (no ring)
                                (no ring)
                                (no ring)

@: spider-form (expiring), very slow
A: tiny, almost no armour, stealthy swim, (amphibious), 8 rings, (constrict 8)
a: End Transformation


You were in a sewer.
You were a venomous arachnid creature.
You visited 1 branch of the dungeon, and saw 4 of its levels.
You also visited: Sewer.

You collected 7 gold pieces.

Inventory:

Jewellery
 a - an uncursed ring of wizardry {unknown}
Scrolls
 b - a scroll of identify {unknown}
Potions
 c - a potion of curing {unknown}


   Skills:
 + Level 1.6 Fighting
 + Level 2.4 Dodging
 - Level 3.0 Unarmed Combat
 * Level 2.7 Spellcasting
 * Level 2.8 Transmutations


You had one spell level left.
You knew the following spells:

 Your Spells              Type           Power        Failure   Level
a - Beastly Appendage     Tmut           20%          17%         1
b - Wereblood             Tmut           10%          24%         2
c - Spider Form           Tmut/Pois      3%           56%         3

Your spell library contained the following spells:

 Spells                   Type           Power        Failure   Level
 Confusing Touch          Hex            2%           73%         3
 Gell's Gravitas          Tloc           1%           73%         3
 Ice Form                 Ice/Tmut       6%           89%         4
 Petrify                  Tmut/Erth      6%           89%         4
 Blade Hands              Tmut           5%           96%         5
 Yara's Violent Unravell  Hex/Tmut       3%           99%         5
 Metabolic Englaciation   Hex/Ice        1%           100%        5


Dungeon Overview and Level Annotations

Branches:
Dungeon (4/15)              Sewer (1/1)
 Temple: D:4-7

Altars:
Qazlal

Shops:
D:4 (


Innate Abilities, Weirdness & Mutations

You cannot wear most types of armour.
You are very stealthy in the water. (Stealth+)
((You are amphibious.))
You can wear up to eight rings at the same time.
((You can use your tentacles to constrict eight enemies at once.))
((Your skin changes colour to match your surroundings (Stealth+).))
((Your rubbery body absorbs attacks. (AC +1, EV +1)))


Message History

The water moccasin completely misses you.
Your unstable footing causes you to fumble your attack.
The water moccasin misses you. x2
Your unstable footing causes you to fumble your attack.
The water moccasin completely misses you.
Your unstable footing causes you to fumble your attack.
The water moccasin bites you!
You bite the water moccasin!
The water moccasin is moderately wounded.
The water moccasin misses you. The water moccasin closely misses you.
You hit the water moccasin.
The water moccasin is moderately wounded.
The water moccasin closely misses you.
You hit the water moccasin but do no damage.
The water moccasin is moderately wounded.
The water moccasin misses you.
You hit the water moccasin.
The water moccasin is heavily wounded.
The water moccasin bites you. The water moccasin bites you!
You die...

######## ###......###
###.≈.≈≈≈.≈..###
###.≈.≈≈####....≈##≈/#
##.....### ###.sS.≈#
.≈..≈.## ##≈.....#
##.≈..≈# ≈≈...###
###.≈..≈# ≈...##≈/#
###.≈≈.≈ ...### $#
##......## # ######


You could see a water moccasin.

Vanquished Creatures
  A worker ant (D:4)
  An adder (D:4)
  A river rat (D:4)
  A leopard gecko (D:2)
  2 jackals (Sewer)
  3 kobolds (Sewer)
  A bat (D:1)
  A frilled lizard (D:4)
  A rat (D:4)
12 creatures vanquished.

Notes
Turn   | Place    | Note
-------+----------+-------------------------------------------
     0 | D:1      | Zeld the Octopode Transmuter began the quest for the Orb.
     0 | D:1      | Reached XP level 1. HP: 13/13 MP: 3/3
   302 | D:2      | Found a stormy altar of Qazlal.
   518 | D:4      | Found Buczorub's Weapon Shoppe.
   599 | D:4      | Found a glowing drain.
   605 | D:4      | Reached XP level 2. HP: 9/18 MP: 3/5
   613 | D:4      | Learned a level 2 spell: Wereblood
   745 | D:4      | Reached XP level 3. HP: 16/23 MP: 4/6
   749 | D:4      | Learned a level 3 spell: Spider Form
   876 | Sewer    | Entered a sewer
  1270 | Sewer    | Noticed a water moccasin
  1280 | Sewer    | Slain by a water moccasin

Illustrated notes

Levels and vault maps discovered:
D:1:      nzn_arrival_water_spiral, layout_loops_ring
D:2:      layout_basic, nicolae_ru_the_path_less_chosen, grunt_qazlal_clouds
D:3:      layout_loops_corners, cheibriados_altar_1
D:4:      layout_basic, portal_sewer_entry_b, serial_shops, shop_statue,
          chequers_jeans, kennysheep_cross_room
Sewer:    sewer_the_moccasin

Action                   || total
-------------------------++-------
Melee: Unarmed           ||    45
       Constrict         ||     8
       Tentacles         ||     5
       Kick              ||     9
 Cast: Beastly Appendage ||     6
       Spider Form       ||     1
       Wereblood         ||     1
 Stab: Sleeping          ||     3
Armor: Skin              ||     4
Dodge: Dodged            ||    44
